 Dungeon Crawl Stone Soup version 0.18-a0-670-g393520a (webtiles) character file.

410 Herrn the Skirmisher (level 6, 0/47 HPs)
             Began as a Mummy Fighter on Dec 6, 2015.
             Was an Initiate of Gozag.
             Killed by divine providence
             ... invoked by an orc priest
              (12 damage)
             ... on level 4 of the Dungeon.
             The game lasted 00:08:45 (3994 turns).

Herrn the Skirmisher (Mummy Fighter)                Turns: 3994, Time: 00:08:45

Health: 0/47       AC: 14    Str: 20    XL:     6   Next: 58%
Magic:  6/6        EV:  9    Int:  7    God:    Gozag
Gold:   624        SH:  9    Dex: 13    Spells: 0 memorised, 5 levels left

rFire  x . .     SeeInvis .     a - +0 war axe
rCold  + . .     Clarity  .     o - +0 scale mail
rNeg   + + +     SustAt   .     c - +0 shield
rPois  ∞         Gourm    .     b - +2 helmet
rElec  .         Spirit   .     (no cloak)
rCorr  .         Dismiss  .     j - +1 pair of gloves
rMut   .         Stasis   .     (no boots)
MR     .....                    (no amulet)
Stlth  ..........               (no ring)
                                d - +2 ring of protection

@: not resistant to hostile enchantments, extremely unstealthy
A: no food or potions, fire vulnerability, cold resistance 1, negative energy
resistance 3, torment resistance, unbreathing
a: Potion Petition, Call Merchant, Bribe Branch, Renounce Religion


You were on level 4 of the Dungeon.
You worshipped Gozag.
Gozag was noncommittal.
You were not hungry.

You visited 1 branch of the dungeon, and saw 4 of its levels.
You also visited: Sewer.

You collected 758 gold pieces.
You spent 110 gold pieces at shops.
You paid 24 gold pieces to Gozag.

Inventory:

Hand Weapons
 a - a +0 war axe (weapon)
 q - a +0 hand crossbow of freezing
Armour
 b - a +2 helmet (worn)
 c - a +0 shield (worn)
 j - a +1 pair of gloves (worn)
 o - a +0 scale mail (worn)
Jewellery
 d - a +2 ring of protection (left hand)
Wands
 l - a wand of magic darts (48)
 n - a wand of magic darts (0)
Scrolls
 e - 2 scrolls of teleportation
 f - 2 scrolls of recharging
 g - a scroll of enchant weapon {unknown}
 h - 2 scrolls of enchant armour
 i - 2 scrolls of identify
 k - a scroll of random uselessness
 m - 2 scrolls of fog {unknown}
 p - a scroll of remove curse
 r - a scroll of fear {unknown}
 s - a scroll of silence {unknown}


   Skills:
 + Level 3.6 Fighting
 * Level 2.6 Axes
 + Level 3.2 Armour
 * Level 3.6 Dodging
 + Level 3.3 Shields


You had 5 spell levels left.
You didn't know any spells.

Dungeon Overview and Level Annotations

Branches:
Dungeon (4/15)
 Temple: D:4-7

Altars:
Gozag
Sif Muna
Vehumet

Shops:
D:4 *


Innate Abilities, Weirdness & Mutations

You do not eat or drink.
Your flesh is vulnerable to fire.
You are immune to poison.
Your flesh is cold resistant.
You are immune to negative energy.
You are immune to unholy pain and torment.
You can survive without breathing.


Message History

You barely miss the orc. You closely miss the orc wizard.
You block the orc wizard's attack.
The orc priest hits you but does no damage.
The orc wizard hits you but does no damage.
The orc hits you but does no damage.
The orc priest invokes the aid of Beogh against you.
You struggle to resist.
An orc comes into view. It is wielding a flail.
You closely miss the orc priest.
The orc priest is heavily wounded.
You closely miss the orc. You barely miss the orc wizard.
The orc wizard gestures at you while chanting.
The puff of flame hits you! The fire burns you terribly!
* * * LOW HITPOINT WARNING * * *
The orc wizard hits you but does no damage.
You block the orc's attack.
The orc priest calls down the wrath of Beogh upon you.
Something smites you!
You die...
Your body crumbles into a pile of gold.

## #.#..#
##.....## #
#...##
##...## #
##.## #+## #
#.# ## # #.#
... # #.#
##### ..# #
#.#
#..o#.)>##
#.#
#.oo......
#.######$@o#
#.......$.##
$
###########


You could see an orc priest, an orc wizard and 2 orcs.

Vanquished Creatures
  A water moccasin skeleton (D:4)
  Ijyb (D:3)
  An orc priest (D:3)
  A worker ant (D:4)
  4 gnolls
  8 adders
  4 river rats (Sewer)
  5 worms
  6 orcs
  7 ball pythons
  6 giant cockroaches
  7 hobgoblins
  4 jackals (D:3)
  21 kobolds
  3 quokkas
  7 bats
  A giant gecko (D:2)
  9 giant newts
  10 goblins
  A jackal skeleton (D:4)
  32 rats
139 creatures vanquished.

Notes
Turn   | Place    | Note
--------------------------------------------------------------
     0 | D:1      | Herrn the Mummy Fighter began the quest for the Orb.
     0 | D:1      | Reached XP level 1. HP: 18/18 MP: 1/1
   236 | D:1      | Reached XP level 2. HP: 24/24 MP: 2/2
   431 | D:1      | Reached skill level 1 in Dodging
   779 | D:2      | Reached XP level 3. HP: 26/29 MP: 3/3
  1053 | D:2      | Reached XP level 4. HP: 26/35 MP: 4/4
  1331 | D:2      | Found an opulent altar of Gozag.
  1339 | D:2      | Became a worshipper of Gozag Ym Sagoz the Greedy
  1652 | D:3      | Found a glowing drain.
  1667 | Sewer    | Entered a sewer
  1686 | Sewer    | Reached XP level 5. HP: 35/41 MP: 5/5
  2523 | D:3      | Found a radiant altar of Vehumet.
  2551 | D:3      | Found a deep blue altar of Sif Muna.
  2620 | D:3      | Reached XP level 6. HP: 18/47 MP: 6/6
  2891 | D:3      | Noticed Ijyb
  2913 | D:3      | Killed Ijyb
  3717 | D:4      | Found Sogyutos's Assorted Antiques.
  3723 | D:4      | Bought a runed hand crossbow for 70 gold pieces
  3723 | D:4      | Bought a scroll labeled WUATIA PAKHLIU for 20 gold pieces
  3723 | D:4      | Bought a scroll labeled MECUDA MEAH for 20 gold pieces
  3994 | D:4      | Killed from afar by an orc priest

Vault maps used:
D:1:      ncdulo_halloftheorcs
D:2:      grunt_gozag_breadcrumbs, first_bread, minmay_misc_feat_encased
D:3:      lemuel_doored_altar, nicolae_overflow_crystal_walls,
          portal_sewer_entry_e, uniq_iyjb
D:4:      serial_shops, nicolae_shop_stone
Sewer:    sewer_minmay_treatment

Action                   |  1- 3 |  4- 6 || total
-------------------------+-------+-------++-------
Melee: War axe           |   126 |   277 ||   403
Invok: Potion Petition   |       |     1 ||     1
  Use: Scroll            |       |     7 ||     7
